 Dungeon Sprint DCSS version 0.24-b1-30-g840c9efd86 (webtiles) character file.

Game seed: 6351502558873347600, levelgen mode: deterministic

43 night the Ruffian (level 3, -2/36 HPs)
             Began as a Troll Fighter on Oct 25, 2019.
             Drowned by a water elemental (6 damage)
             ... in the Dungeon (Sprint III: "The Ten Rune Challenge").
             The game lasted 00:00:59 (150 turns).

night the Ruffian (Troll Fighter)                    Turns: 150, Time: 00:01:00

Health: -2/36      AC:  6    Str: 25    XL:     3   Next: 37%
Magic:  2/2        EV:  8    Int:  4    God:
Gold:   6          SH:  8    Dex:  9    Spells: 2/2 levels left

rFire    . . .     SeeInvis .     - Unarmed
rCold    . . .     Gourm    +   b - +0 shield
rNeg     . . .     Faith    .   a - +0 robe
rPois    .         Spirit   .   (helmet restricted)
rElec    .         Reflect  .   (no cloak)
rCorr    .         Harm     .   (gloves unavailable)
MR       .....     NoTele   +   (boots unavailable)
Stlth    +.........             (no amulet)
HPRegen  0.52/turn              (no ring)
MPRegen  0.08/turn              (no ring)

@: engulfed (cannot breathe)
A: large, unfitting armour, claws 3, fast metabolism 3, gourmand, regeneration
1, shaggy fur 1, tough skin 3
a: no special abilities


You were in the Dungeon.
You were not hungry.

You visited 1 branch You collected 6 gold pieces.

Inventory:

Armour
 a - a +0 robe (worn)
 b - a +0 shield (worn)
Scrolls
 j - a scroll of blinking
Potions
 c - a potion of might
 e - a potion of curing
 f - a potion of heal wounds
 g - a potion of haste
 h - 2 potions of magic
 i - a potion of berserk rage
 k - a potion of ambrosia {unknown}
Comestibles
 d - 2 rations


   Skills:
 - Level 2.4 Fighting
 - Level 2.4 Dodging
 - Level 2.4 Shields
 + Level 7.0 Unarmed Combat


You had 2 spell levels left.
You didn't know any spells.
Your spell library was empty.

Dungeon Overview and Level Annotations

Branches:
Dungeon (1/1)

Altars:


Innate Abilities, Weirdness & Mutations

You are too large for most types of armour.
You have claws for hands.
Your metabolism is lightning-fast.
You like to eat raw meat.
Your natural rate of healing is unusually fast.
You are covered in fur. (AC +1)
You have extremely tough skin. (AC +3)


Message History

You scratch the water elemental.
The water elemental is moderately damaged.
The water elemental hits you.
You scratch the water elemental.
The water elemental is moderately damaged.
The water elemental hits you!
The water elemental engulfs you in water!
You closely miss the water elemental.
The water elemental is moderately damaged.
Your lungs strain for air!
The water elemental hits you!
You barely miss the water elemental.
The water elemental is moderately damaged.
* * * LOW HITPOINT WARNING * * *
Your lungs strain for air!
The water elemental hits you.
* * * LOW HITPOINT WARNING * * *
You claw the water elemental!
The water elemental is severely damaged.
You die...

▓▓▓▓▓▓▓▓ ▓▓▓ <..#...####
##.# ...#......## #..#
..##....÷..# #..#
##.##.##...# #..# #+#+#
##.##.###..# +#..#......
#.####.##..# #..@E.⌠....
.###..##..####...#...###
#.....##..###....# ⌠.#
###..##...##.....# .#
##..##....#.†....# #
#..###..##.#.....# #..#
#..#####....# ▓▓▓▓ ▓▓▓▓
▓▓▓▓▓▓


You could see a water elemental.

Vanquished Creatures
  A human (D)
  A wolf (D)
  2 oozes (D)
  2 rats (D)
6 creatures vanquished.

Vanquished Creatures (others)
  A draconian scorcher (D)
  6 hellions (D)
  2 yaktaurs (D)
  4 plants (D)
13 creatures vanquished.

Grand Total: 19 creatures vanquished

Notes
Turn   | Place    | Note
-------+----------+-------------------------------------------
     0 | D        | night the Troll Fighter began the quest for the Orb.
     0 | D        | Reached XP level 1. HP: 22/22 MP: 0/0
    11 | D        | Reached skill level 3 in Unarmed Combat
    13 | D        | Reached skill level 4 in Unarmed Combat
    13 | D        | Reached XP level 2. HP: 29/29 MP: 1/1
    55 | D        | Reached skill level 6 in Unarmed Combat
    73 | D        | Killed a yaktaur
    93 | D        | Reached skill level 7 in Unarmed Combat
    93 | D        | Reached XP level 3. HP: 25/36 MP: 2/2
    98 | D        | Killed a hellion
   109 | D        | Killed a hellion
   112 | D        | Killed a hellion
   112 | D        | Killed a hellion
   113 | D        | Killed a hellion
   132 | D        | Killed a white draconian scorcher
   144 | D        | Noticed a water elemental
   145 | D        | Killed a yaktaur
   149 | D        | Killed a hellion
   150 | D        | Drowned by a water elemental

Skill      XL: |  1  2 |
---------------+-------+-----
Unarmed Combat | 4 7 |  7.0
Fighting       | |  2.4
Dodging        | |  2.4
Shields        | |  2.4

Action                   || total
-------------------------++-------
Melee: Unarmed           ||    27
 Stab: Sleeping          ||     1
  Eat: Chunk             ||     1
Armor: Robe              ||     3
Dodge: Dodged            ||     3
Block: Shield            ||     9
